 Dungeon Crawl Stone Soup version 0.28.0-45-g0d030f2227 (webtiles) character file.

Game seed: 14095791308013887936

82 101zpm the Caller (level 4, -1/24 HPs)
             Began as a Kobold Summoner on Apr 20, 2022.
             Slain by an adder (2 damage)
             ... on level 2 of the Dungeon.
             The game lasted 00:06:44 (3354 turns).

101zpm the Caller (Kobold Summoner)                 Turns: 3354, Time: 00:06:45

Health: -1/24      AC:  3    Str:  5    XL:     4   Next: 70%
Magic:  5/7        EV: 15    Int: 18    God:
Gold:   57         SH:  0    Dex: 15    Spells: 7/8 levels left

rFire   . . .      SeeInvis .   c - +2 dagger (speed)
rCold   + . .      Faith    .   (no shield)
rNeg    . . .      Spirit   .   a - +0 robe
rPois   .          Reflect  .   (no helmet)
rElec   .          Harm     .   m - +0 cloak
rCorr   .          Rampage  .   (no gloves)
Will    .....                   (no boots)
Stlth   ++++......              (no amulet)
HPRegen 0.08/turn               q - ring of protection from cold
MPRegen 0.10/turn               (no ring)

@: no status effects
A: small, no large weapons, nightstalker 3
a: no special abilities


You were on level 2 of the Dungeon.
You visited 1 branch of the dungeon, and saw 3 of its levels.

You collected 57 gold pieces.

Inventory:

Hand Weapons
 c - a +2 dagger of speed (weapon)
 i - a +0 broad axe
 p - a +0 spear
Missiles
 g - 64 stones
Armour
 a - a +0 robe (worn)
 h - a scarf of repulsion
 m - a +0 cloak (worn)
Jewellery
 q - a ring of protection from cold (left hand)
Wands
 k - a wand of paralysis (4)
Scrolls
 b - 4 scrolls of identify {unknown}
 d - a scroll of summoning {unknown}
 f - a scroll of enchant weapon {unknown}
 n - a scroll of fear {unknown}
 o - a scroll of teleportation {unknown}
Potions
 e - 3 potions of heal wounds {unknown}
 j - 3 potions of curing {unknown}
 l - a potion of berserk rage {unknown}


   Skills:
 + Level 0.3 Fighting
 + Level 1.5 Short Blades
 + Level 3.1 Dodging
 + Level 4.0 Stealth
 + Level 0.1 Unarmed Combat
 + Level 2.5 Spellcasting
 + Level 4.6 Summonings


You had 7 spell levels left.
You knew the following spells:

 Your Spells              Type           Power      Damage    Failure   Level
a - Summon Small Mammal   Summ           72%        N/A       2%          1

Your spell library contained the following spells:

 Spells                   Type           Power      Damage    Failure   Level
 Call Imp                 Summ           18%        N/A       3%          2
 Call Canine Familiar     Summ           18%        N/A       8%          3
 Summon Guardian Golem    Hex/Summ       10%        N/A       21%         3
 Summon Lightning Spire   Summ/Air       10%        N/A       54%         4


Dungeon Overview and Level Annotations

Branches:
Dungeon (3/15)

Altars:


Innate Abilities, Weirdness & Mutations

You are small and have problems with some larger weapons.
You are completely attuned to the shadows.


Message History

Casting: Summon Small Mammal (safe; 2% risk of failure)
Press: ? - help, Q - select action, (/) - cycle Dir - look around, f - activate What are your orders? t - Shout!
Orders for allies: a - Attack new target. r - Retreat! s - Stop attacking. g - Guard the area. f - Follow me.
Anything else - Cancel.
Gang up on whom?
Press: ? - help, Dir - move target, f - orc priest
Aim: an orc priest, wielding a +0 flail (black smoke) Attack!
Your quokka bites the orc.
The adder bites you.
You are poisoned.
The adder poisons you!
Your quokka bites the orc.
You feel sick. The orc barely misses you. The adder bites you.
You are more poisoned.
The adder poisons you!
Your quokka bites the orc.
You feel sick.
Your quokka barely misses the orc.
The orc hits you with a +0 dagger. The adder barely misses you.
Your quokka bites the orc but does no damage.
The orc priest invokes the aid of Beogh against you.
Beogh smites you!
* * * LOW HITPOINT WARNING * * *
Your quokka closely misses the orc.
You climb upwards.
Your summoned ally is left behind.
* * * LOW HITPOINT WARNING * * *
You feel sick.
There is a stone staircase leading down here.
* * * LOW HITPOINT WARNING * * *
You feel sick. The orc completely misses you. The adder closely misses you.
* * * LOW HITPOINT WARNING * * *
You feel sick. The orc misses you.
* * * LOW HITPOINT WARNING * * *
You feel sick.
* * * LOW HITPOINT WARNING * * *
You feel sick.
You are no longer poisoned.
The adder bites you but does no damage. The adder bites you.
You die...

#..##.########........>#
#..##..................#
#..###########.##.#.####
###..## #.##.#.# #.....#
#.##.#.# #.#...#####
#.##.#.# #.#.......#
##.##.#.#
#.##).###.#####...#.#.#
#..>....o.S@.......†..#
###############...#####
##.## #.###########
#............
#############


You could see an adder and an orc.

Vanquished Creatures
  An orc priest (D:3)
  A dart slug (D:1)
  An orc (D:2)
  A ball python (D:2)
  3 bats
  3 endoplasms (D:1)
  3 giant cockroaches
  5 quokkas
  3 frilled lizards
  2 goblins (D:1)
  7 kobolds
  4 rats
34 creatures vanquished.

Vanquished Creatures (collateral kills)
  An adder (D:2)
  A giant cockroach (D:1)
  A ball python (D:1)
  A bat (D:1)
  A frilled lizard (D:1)
  2 kobolds (D:1)
  2 rats
9 creatures vanquished.

Vanquished Creatures (others)
  2 plants
2 creatures vanquished.

Grand Total: 45 creatures vanquished

Notes
Turn   | Place    | Note
-------+----------+-------------------------------------------
     0 | D:1      | 101zpm the Kobold Summoner began the quest for the Orb.
     0 | D:1      | Reached XP level 1. HP: 10/10 MP: 3/3
    45 | D:1      | Found a faded altar of an unknown god.
   962 | D:1      | Reached XP level 2. HP: 4/15 MP: 0/5
  1617 | D:1      | Reached XP level 3. HP: 18/19 MP: 6/6
  2309 | D:2      | Reached skill level 1 in Short Blades
  2892 | D:2      | Reached XP level 4. HP: 24/24 MP: 7/7
  3350 | D:2      | HP: 1/24 [poisoned by an adder]
  3354 | D:2      | Slain by an adder

Illustrated notes

Levels and vault maps discovered:
D:1:      minmay_arrival_wavy_path, layout_loops_ring, basic_ecumenical_altar,
          serial_forest, infiniplex_forest_lined_corner,
          infiniplex_forest_lined_2, infiniplex_forest_clump_double,
          infiniplex_forest_clump_small, infiniplex_forest_lined_3,
          infiniplex_forest_corner_2
D:2:      layout_loops_ring
D:3:      layout_basic, serial_bayou, serial_bayou_ford_a, serial_bayou_shore_a,
          serial_bayou_shore_b, serial_bayou_pond_b

Skill      XL: |  1  2  3  4 |
---------------+-------------+-----
Stealth        | 3 4 |  4.0
Short Blades   | 1 |  1.5
Dodging        | 3 |  3.1
Fighting       | |  0.3
Unarmed Combat | |  0.1
Spellcasting   | |  2.5
Summonings     | |  4.6

Action                   |  1- 3 |  4- 6 || total
-------------------------+-------+-------++-------
Melee: Unarmed           |    49 |       ||    49
       Punch             |     4 |       ||     4
       Dagger            |    75 |    22 ||    97
 Cast: Summon Small Mamm |    24 |     5 ||    29
 Stab: Sleeping          |    16 |     2 ||    18
Armor: Robe              |    15 |     7 ||    22
Dodge: Dodged            |    75 |     8 ||    83
